 Dungeon Crawl Stone Soup version 0.17-a0-1850-g688e747 (webtiles) character file.

224 derrpe the Digger (level 5, -4/38 HPs)
             Began as a Demigod Earth Elementalist on Sept 19, 2015.
             Slain by Terence
             ... wielding a +0 trident of protection
              (5 damage)
             ... on level 3 of the Dungeon.
             The game lasted 00:07:23 (3207 turns).

derrpe the Digger (Demigod Earth Elementalist)      Turns: 3207, Time: 00:07:23

Health: -4/38      AC:  4    Str: 11    XL:     5   Next: 40%
Magic:  2/10       EV: 12    Int: 21    God:
Gold:   167        SH:  0    Dex: 16    Spells: 2 memorised, 3 levels left

rFire  . . .     SeeInvis .     b - +0 club
rCold  . . .     Clarity  .     i - +0 leather armour
rNeg   . . .     SustAt   +     (no shield)
rPois  .         Gourm    .     (no helmet)
rElec  .         Spirit   .     (no cloak)
rCorr  .         Warding  .     j - +0 pair of gloves
rMut   .         Stasis   .     (no boots)
MR     .....                    (no amulet)
Stlth  ++........               (no ring)
                                (no ring)

@: very slightly contaminated, not resistant to hostile enchantments, unstealthy
A: high mp 1, sustain attributes
a: no special abilities


You were on level 3 of the Dungeon.
You were not hungry.

You visited 1 branch of the dungeon, and saw 3 of its levels.

You collected 167 gold pieces.

Inventory:

Hand weapons
 b - a +0 club (weapon)
Missiles
 a - 101 stones (quivered)
Armour
 i - a +0 leather armour (worn)
 j - a +0 pair of gloves (worn)
Scrolls
 e - 6 scrolls of identify {unknown}
 f - a scroll of amnesia {unknown}
 k - 4 scrolls of remove curse {unknown}
 o - a scroll of random uselessness {unknown}
 r - a scroll of enchant armour {unknown}
Potions
 h - a potion of lignification {unknown}
 l - 4 potions of curing {unknown}
 m - 2 potions of heal wounds {unknown}
 n - a potion of degeneration {unknown}
 q - a potion of brilliance {unknown}
Books
 c - a book of Geomancy

   Spells                             Type                      Level
   a - Sandblast                      Earth                        1
   b - Stoneskin                      Transmutation/Earth          2
   c - Passwall                       Transmutation/Earth          3
   d - Stone Arrow                    Conjuration/Earth            3
   e - Petrify                        Transmutation/Earth          4
   f - Lee's Rapid Deconstruction     Earth                        5
Comestibles
 d - 3 bread rations {@e1}
 g - 3 meat rations {@e2}
 p - 3 chunks of flesh {@w0}
 s - a royal jelly


   Skills:
 - Level 1.7 Dodging
 - Level 1.7 Stealth
 - Level 1.7 Spellcasting
   Level 0.8 Transmutations
 * Level 5.9 Earth Magic


You had 3 spell levels left.
You knew the following spells:

 Your Spells              Type           Power        Failure   Level  Hunger
a - Sandblast             Erth           ####..       1%          1    #......
b - Stone Arrow           Conj/Erth      ##....       21%         3    ###....


Dungeon Overview and Level Annotations

Branches:
Dungeon (3/15)

Annotations:
D:3 Terence


Innate Abilities, Weirdness & Mutations

You have an increased reservoir of magic (+10% MP).
Your attributes are resistant to harm.


Message History

Terence hits you from afar with a trident of protection!
You barely miss the kobold. The kobold hits you. The kobold hits you.
Terence barely misses you. The kobold hits you. The kobold hits you.
* * * LOW HITPOINT WARNING * * *
You hit the kobold.
The kobold is severely wounded.
The kobold hits you.
* * * LOW HITPOINT WARNING * * *
Terence hits you from afar with a trident of protection!
* * * LOW HITPOINT WARNING * * *
The kobold completely misses you.
Casting: Stone Arrow
Confirm with . or Enter, or press ? or * to list all spells.
Aiming: Sandblast
Press: ? - help, Shift-Dir - straight line, f/p - Terence
Aim: Terence, wielding a trident of protection and wearing a scale mail (lightly wounded)
The blast of sand hits the kobold.
You kill the kobold!
Terence hits you from afar with a trident of protection.
You die...

.#######.##.#####.##.##...###.#.#
.# #. #.# #.##.###.## #.#.#
.#######. ..# #..).....# #.#รท#
.)..........# #.##.##### #..>.
<#########..#####.##<########.#.#
.# #........##..........#.# ##
#.##.............#####.#
##.#K########.......# ###@#
######### .#####)##########
#.......@........#
#######.....####. #####K# ####.#
#....# #.#### # # # #.# ##..##.##


You could see Terence and a kobold.

Vanquished Creatures
  The ghost of Loris the Sneak, an average OpFE (D:3)
  5 adders
  An ooze (D:2)
  A worm (D:2)
  4 giant geckos
  A ball python (D:1)
  3 giant cockroaches (D:2)
  10 goblins
  12 hobgoblins
  8 kobolds
  6 bats
  3 giant newts
  2 quokkas
  5 rats
62 creatures vanquished.

Notes
Turn   | Place    | Note
--------------------------------------------------------------
     0 | D:1      | derrpe the Demigod Earth Elementalist began the quest for the Orb.
     0 | D:1      | Reached XP level 1. HP: 14/14 MP: 5/5
   255 | D:1      | Reached skill level 3 in Earth Magic
   475 | D:1      | Reached XP level 2. HP: 20/20 MP: 2/7
  1556 | D:2      | Reached XP level 3. HP: 26/26 MP: 5/8
  1650 | D:2      | Reached skill level 4 in Earth Magic
  2385 | D:2      | Found a faded altar to an unknown god.
  2422 | D:2      | Found a shadowy altar of Dithmenos.
  2456 | D:2      | Reached XP level 4. HP: 30/33 MP: 4/9
  2557 | D:2      | Learned a level 3 spell: Stone Arrow
  2880 | D:3      | Noticed Loris's ghost (average OpFE)
  2888 | D:3      | Killed Loris's ghost
  2888 | D:3      | Reached skill level 5 in Earth Magic
  2888 | D:3      | Reached XP level 5. HP: 35/38 MP: 3/10
  3153 | D:3      | Found a burning altar of Makhleb.
  3164 | D:3      | Noticed Terence
  3206 | D:3      | HP: 1/38 [Terence/trident of protection (8)]
  3207 | D:3      | Slain by Terence

Vault maps used:
D:1:      minmay_arrival_shattered_statue, minmay_misc_feat_square,
          corexii_leaking_fountain, minmay_strange_pillars
D:2:      old_standard_altar, ecumenical_altar_1, nrook_uturn
D:3:      nicolae_overflow_crystal_walls, uniq_terence

Action                   |  1- 3 |  4- 6 || total
-------------------------+-------+-------++-------
Melee: Club              |     8 |     6 ||    14
 Cast: Sandblast         |    93 |    47 ||   140
  Eat: Chunk             |     6 |     3 ||     9
